 Dungeon Crawl Stone Soup version 0.18.1-47-g9310371 (console) character file.

131856 Kloppie the Bludgeoner (level 16, -1/238 HPs)
             Began as a Minotaur Berserker on June 21, 2016.
             Was an Elder of Trog.
             Shot with an arrow by a naga sharpshooter (8 damage)
             ... led by Vashnia
             ... on level 2 of the Snake Pit.
             The game lasted 00:59:19 (29858 turns).

Kloppie the Bludgeoner (Minotaur Berserker)        Turns: 29858, Time: 00:59:19

Health: -1/238     AC: 24    Str: 26      XL:     16   Next: 56%
Magic:  24/24      EV: 23    Int:  3 (4)  God:    Trog [****..]
Gold:   900        SH:  2    Dex: 21      Spells: 0 memorised, 15 levels left

rFire  + + .     SeeInvis +     b - +9 dire flail of Disarray {crush, rC++}
rCold  + + +     Gourm    .     K - +5 ring mail of Tottesk {rPois rF+ rC+}
rNeg   + . .     Faith    .     (shield currently unavailable)
rPois  +         Spirit   .     g - +2 hat
rElec  +         Dismiss  .     (no cloak)
rCorr  .         Reflect  .     y - +1 pair of gloves
SustAt .         Harm     .     n - +2 pair of boots
MR     +++..     Rnd*Tele +     h - amulet of regeneration
Stlth  ..........               u - ring of positive energy
                                P - ring of Ahyich {rElec MP+9 AC+3 Dex+3}

@: berserking (expiring), lethally poisoned (-1 -> -1), regenerating, very
quick, extremely resistant to hostile enchantments, extremely unstealthy
A: retaliatory headbutt, claws 1, hooves 1, horns 2, large bone plates 1, see
invisible, cold resistance 1, deformed body, deterioration 1, fire resistance 1,
poison resistance, slow regeneration 1, teleportitis 1
a: Berserk, Trog's Hand, Brothers in Arms, Burn Spellbooks, Renounce Religion


You were on level 2 of the Snake Pit.
You worshipped Trog.
Trog was greatly pleased with you.
You were hungry.

You visited 4 branches of the dungeon, and saw 27 of its levels.
You also visited: Ice Cave and Volcano.

You collected 2823 gold pieces.
You spent 1923 gold pieces at shops.

Inventory:

Hand Weapons
 a - the +12 flail "Killer Klown's Curse" {flame, rPois Str+3 Dex+3}
   (You found it on level 2 of the Lair of Beasts)

   It has been specially enchanted to burn those struck by it, causing extra
   injury to most foes and up to half again as much damage against particularly
   susceptible opponents.
   It affects your strength (+3).
   It affects your dexterity (+3).
   It protects you from poison.
 b - the +9 dire flail of Disarray (weapon) {crush, rC++}
   (You bought it in a shop on level 15 of the Dungeon)

   It inflicts extra damage upon your enemies.
   It greatly protects you from cold.
 j - a +0 eveningstar
Armour
 g - a +2 hat (worn)
 n - a +2 pair of boots (worn)
 y - a +1 pair of gloves (worn)
 K - the +5 ring mail of Tottesk (worn) {rPois rF+ rC+}
   (You found it on level 13 of the Dungeon)

   It protects you from fire.
   It protects you from cold.
   It protects you from poison.
Jewellery
 h - an amulet of regeneration (around neck)
 r - an uncursed ring of positive energy
 s - an uncursed amulet of guardian spirit
 u - a ring of positive energy (right hand)
 w - an uncursed ring of protection from fire
 P - the ring of Ahyich (left hand) {rElec MP+9 AC+3 Dex+3}
   (You bought it in a shop on level 15 of the Dungeon)

   [ring of protection]

   It affects your AC (+3).
   It affects your dexterity (+3).
   It insulates you from electricity.
   It affects your magic capacity (+9).
Wands
 l - a wand of disintegration (17/24)
Scrolls
 e - 4 scrolls of remove curse
 f - a scroll of identify
 m - 4 scrolls of blinking
 p - 2 scrolls of enchant weapon
 t - 2 scrolls of fog
 E - a scroll of magic mapping
 H - a scroll of fear
 I - 4 scrolls of teleportation
 U - a scroll of enchant armour
Potions
 d - 8 potions of curing
 o - 6 potions of might
 v - a potion of haste
 x - 9 potions of flight
 z - 3 potions of cancellation
 A - 3 potions of agility
 G - 6 potions of heal wounds
 O - a potion of resistance
Comestibles
 c - 12 bread rations
 i - 4 beef jerkies
 k - 3 chunks of flesh
 q - 4 slices of pizza
 L - 2 royal jellies
 N - 2 meat rations


   Skills:
 + Level 18.4 Fighting
 - Level 20.4 Maces & Flails
 + Level 15.7 Armour
 - Level 13.0 Dodging


You had 15 spell levels left.
You didn't know any spells.

Dungeon Overview and Level Annotations

Branches:
Dungeon (15/15)              Lair (8/8) D:11         Shoals (0/4) Lair:6
  Snake (2/4) Lair:3        Slime (0/6) Lair:6          Orc (2/2) D:10
    Elf (0/3) Orc:2        Vaults (0/5) D:13         Depths (0/5) D:15
 Temple: D:4-7

Altars:
Dithmenos
Gozag
Kikubaaqudgha
Okawaru
Ru
Sif Muna
Vehumet
Xom

Shops:
D:5 (   D:6 *   D:11 (   D:13 *   D:15 (=(*?   Orc:2 ?![}

Portals:
Pandemonium: Orc:2


Innate Abilities, Weirdness & Mutations

You reflexively headbutt those who attack you in melee.
You have a pair of horns on your head.
You have sharp fingernails.
You have large cloven feet.
You are partially covered in large bone plates (AC +2, SH +2).
You have supernaturally acute eyesight.
Your flesh is cold resistant.
Armour fits poorly on your strangely shaped body.
Your body sometimes deteriorates upon taking damage.
Your flesh is heat resistant.
Your system is resistant to poisons.
You regenerate slowly when monsters are visible.
You are occasionally teleported next to monsters.


Message History

2 bolts; 2 arrows Your ogre closely misses the naga sharpshooter.
The naga sharpshooter spits poison at you.
The splash of poison misses you.
You barely miss the naga sharpshooter.
The naga sharpshooter shoots an arrow.
The arrow hits you.
* * * LOW HITPOINT WARNING * * *
The naga sharpshooter gestures wildly while chanting.
The naga sharpshooter magically shoots a bolt.
The bolt hits you!!
* * * LOW HITPOINT WARNING * * *
Your body deteriorates!
You feel dopey.
Your ogre hits the naga sharpshooter with a giant club!!
You impale the naga sharpshooter!!
You headbutt the naga sharpshooter, but do no damage.
The naga sharpshooter is heavily wounded.
The naga sharpshooter casts a spell.
The naga sharpshooter magically shoots an arrow.
The arrow hits you!
You die...

...#.. .... .....
... .. .... ..# ..
... #.. ##. ..#..
#.. ...# #.. #).#
#..#####(.#
#.)NN@(((.##
##..N<((...#
..##...NO#.......
#.......(##........
##.....).(#........
.......(.....##....
..............#
....
.......###......
... ....... ###....


You could see 4 naga sharpshooters and a friendly ogre (berserk).

Vanquished Creatures
  Vashnia (Snake:2)
  Rupert (D:13)
  Frances (Snake:1)
  Aizul (Snake:1)
  Maud (Lair:6)
  An orc warlord (Orc:2)
  A white draconian (IceCv)
  Josephine (Lair:4)
  An ogre mage (D:14)
  A catoblepas (Lair:6)
  5 hydras
  Erolcha (D:8)
  Fannar (D:12)
  3 anacondas (Snake:1)
  A queen ant (Lair:5)
  A death knight (D:14)
  A death yak (Lair:8)
  A tengu warrior (D:15)
  Sonja (Orc:2)
  Urug (D:14)
  2 shock serpents (Snake:1)
  A fire crab (Volcano)
  6 orc high priests (Orc:2)
  3 sea snakes (Snake:1)
  2 unseen horrors
  A torturous demonspawn (Orc:2)
  Pikel (D:8)
  6 orc knights
  5 hill giants
  A lindwurm (Lair:8)
  3 manticores
  A mana viper (Snake:1)
  A wolf spider (D:15)
  A naga ritualist (Snake:1)
  3 salamanders
  4 griffons
  3 cyclopes
  A faun (shapeshifter) (D:15)
  6 orc sorcerers (Orc:2)
  17 ugly things
  A deep elf mage (D:14)
  10 black mambas
  A sixfirhy (Orc:2)
  2 naga magi (Snake:1)
  A molten gargoyle (Volcano)
  Joseph (D:7)
  Psyche (D:12)
  A gargoyle (Volcano)
  An ice statue (IceCv)
  16 spiny frogs
  3 centaur skeletons
  A rime drake (Lair:8)
  A freezing wraith (D:14)
  3 demonic crawlers (D:13)
  8 komodo dragons
  A yaktaur (D:14)
  2 spriggan druids (Lair:8)
  A hellwing (Orc:2)
  A tengu conjurer (D:10)
  21 polar bears
  4 trolls
  A harpy zombie (D:15)
  4 two-headed ogres
  The ghost of GordonOverkill the Cleaver, an amateur MiCK of Okawaru (D:4)
  3 blink frogs (Lair:8)
  2 slime creatures (D:15)
  A snapping turtle (Lair:6)
  A boulder beetle (Lair:8)
  A centaur simulacrum (D:14)
  9 wraiths
  3 shadows
  11 redbacks
  14 spriggans
  A wyvern (D:10)
  3 basilisks
  50 yaks
  7 fire bats (Volcano)
  21 humans
  9 vampire mosquitoes (D:13)
  9 hippogriffs
  Grum (D:7)
  4 hungry ghosts
  A neqoxec (Orc:2)
  3 mottled dragons
  A warg (Orc:1)
  16 soldier ants
  8 nagas
  Menkaure (D:7)
  A hell hound (Volcano)
  12 water moccasins
  14 porcupines
  45 orc warriors
  2 sky beasts
  4 wasps
  8 black bears
  A necrophage (D:9)
  2 eyes of draining (D:14)
  7 ice beasts
  2 phantoms
  2 slaves (D:8)
  15 ogres
  8 centaurs
  37 wolves
  17 crocodiles
  2 big kobolds
  Blork the orc (D:6)
  20 giant frogs
  3 scorpions
  20 killer bees
  2 vampire bats (Lair:7)
  12 electric eels
  8 howler monkeys
  2 lava snakes (Volcano)
  4 crimson imps
  3 giant frog zombies
  A quasit (D:11)
  3 centaur zombies
  23 orc priests
  2 hounds
  11 jellies
  27 orc wizards
  2 giant frog skeletons
  Natasha (thrice) (D:3)
  11 iguanas
  A hell rat (D:11)
  42 worker ants
  24 sheep
  A howler monkey zombie (D:10)
  3 worker ant zombies
  3 gnolls (D:8)
  A howler monkey skeleton (D:7)
  13 adders
  70 river rats
  4 shadow imps
  5 oozes
  An adder zombie (D:7)
  3 adder skeletons
  5 worms
  3 dart slugs
  4 giant geckos
  112 orcs
  11 bats
  10 giant cockroaches
  5 goblins (D:1)
  4 hobgoblins
  3 jackals (D:5)
  3 quokkas
  A giant gecko skeleton (D:4)
  5 giant newts
  17 kobolds
  7 rats
  A bush (Lair:1)
  A fungus (Lair:8)
  4 plants
1065 creatures vanquished.

Vanquished Creatures (collateral kills)
  Norris (D:13)
  Agnes (D:14)
  Donald (D:13)
  An orc high priest (Orc:2)
  A sun demon (Orc:2)
  An infernal demonspawn (Orc:2)
  An ice devil (Orc:2)
  A human (D:13)
  A wraith (D:13)
  3 orc warriors (Orc:2)
  4 orc priests (Orc:2)
  6 orcs (Orc:2)
22 creatures vanquished.

Vanquished Creatures (others)
  Louise (Snake:2)
  A slave (D:8)
  A centaur (D:8)
  A jelly (D:8)
  An orc priest (D:8)
  6 orcs
  A fungus (Lair:8)
  8 plants
20 creatures vanquished.

Grand Total: 1107 creatures vanquished

Notes
Turn   | Place    | Note
--------------------------------------------------------------
     0 | D:1      | Kloppie the Minotaur Berserker began the quest for the Orb.
     0 | D:1      | Reached XP level 1. HP: 19/19 MP: 0/0
   105 | D:1      | Reached skill level 4 in Maces & Flails
   167 | D:1      | Reached XP level 2. HP: 25/27 MP: 1/1
   443 | D:1      | Reached ** piety under Trog
   443 | D:1      | Reached XP level 3. HP: 26/33 MP: 2/2
  1594 | D:2      | Reached XP level 4. HP: 39/41 MP: 3/3
  1781 | D:3      | Noticed Natasha
  1785 | D:3      | Killed Natasha
  1849 | D:3      | You fall through a shaft for 3 floors!
  1856 | D:6      | Reached skill level 5 in Maces & Flails
  1927 | D:6      | Reached skill level 5 in Fighting
  1927 | D:6      | Reached XP level 5. HP: 48/48 MP: 4/4
  1937 | D:5      | Entered Level 5 of the Dungeon
  2154 | D:5      | Reached *** piety under Trog
  2164 | D:5      | Found Anlaodd's Weapon Boutique.
  2263 | D:4      | Noticed an ice beast
  2273 | D:4      | Killed an ice beast
  2273 | D:4      | Reached XP level 6. HP: 56/56 MP: 5/5
  2393 | D:4      | Reached skill level 5 in Armour
  2798 | D:3      | Noticed Natasha
  2804 | D:3      | Killed Natasha
  2832 | D:3      | Noticed Natasha
  2837 | D:3      | Killed Natasha
  2837 | D:3      | Reached skill level 6 in Maces & Flails
  2994 | D:4      | Found a sacrificial altar of Ru.
  2996 | D:4      | Noticed GordonOverkill's ghost (amateur MiCK)
  3010 | D:4      | Killed GordonOverkill's ghost
  3010 | D:4      | Reached XP level 7. HP: 41/63 MP: 3/6
  3779 | D:4      | Reached skill level 7 in Maces & Flails
  4068 | D:4      | Found an iron altar of Okawaru.
  4068 | D:4      | Found a shadowy altar of Dithmenos.
  4214 | D:6      | Reached XP level 8. HP: 73/73 MP: 7/7
  4337 | D:6      | Noticed Blork the orc
  4344 | D:6      | Killed Blork the orc
  4344 | D:6      | Reached skill level 8 in Maces & Flails
  4552 | D:6      | Reached skill level 9 in Maces & Flails
  4655 | D:6      | Found an opulent altar of Gozag.
  4742 | D:6      | Got a bronze leather armour
  4753 | D:6      | Identified the cursed +1 leather armour of an ice cave {rN+ Int+3 Dex-5 SInv} (You found it on level 6 of the Dungeon)
  4765 | D:6      | Found Plog's General Store.
  4779 | D:6      | Bought a potion of might for 48 gold pieces
  4779 | D:6      | Bought a scroll of magic mapping for 42 gold pieces
  5106 | D:7      | Reached **** piety under Trog
  5298 | D:7      | Reached XP level 9. HP: 78/83 MP: 8/8
  5329 | D:7      | Noticed Menkaure
  5337 | D:7      | Killed Menkaure
  5343 | D:7      | You fall through a shaft!
  5428 | D:7      | Noticed Joseph
  5438 | D:7      | Killed Joseph
  5438 | D:7      | Reached skill level 10 in Maces & Flails
  5624 | D:7      | Noticed a cyclops
  5635 | D:7      | Killed a cyclops
  5635 | D:7      | Reached skill level 10 in Fighting
  6095 | D:8      | Found a flagged portal.
  6096 | D:8      | Noticed Grum
  6121 | D:7      | Reached skill level 11 in Maces & Flails
  6456 | D:7      | Killed Grum
  7073 | D:8      | Reached XP level 10. HP: 88/96 MP: 9/9
  7163 | D:8      | Found a shadowy altar of Dithmenos.
  7186 | D:8      | Noticed Pikel
  7202 | D:8      | Killed Pikel
  7202 | D:8      | Reached skill level 12 in Maces & Flails
  7209 | D:8      | Noticed Erolcha
  7265 | D:8      | Killed Erolcha
  7387 | D:8      | Found a deep blue altar of Sif Muna.
  7388 | D:8      | Found an ancient bone altar of Kikubaaqudgha.
  7388 | D:8      | Found a radiant altar of Vehumet.
  8242 | D:9      | Reached skill level 13 in Maces & Flails
  8560 | D:9      | Found a shimmering altar of Xom.
  8611 | D:9      | Reached ***** piety under Trog
  9737 | D:10     | Entered Level 10 of the Dungeon
  9771 | D:10     | Reached XP level 11. HP: 81/107 MP: 8/10
 10206 | D:10     | Found a staircase to the Orcish Mines.
 10285 | D:10     | You fall through a shaft!
 10628 | D:10     | Received a gift from Trog
 10630 | D:10     | Reached skill level 14 in Maces & Flails
 10680 | D:10     | Paralysed by a wasp for 1 turns
 10722 | D:10     | Noticed an unseen horror
 10729 | D:10     | Killed an unseen horror
 12203 | D:11     | Found a staircase to the Lair.
 12208 | D:11     | Found Buwomail's Weapon Shoppe.
 12758 | Lair:1   | Entered Level 1 of the Lair of Beasts
 12892 | Lair:1   | Reached skill level 5 in Dodging
 12953 | Lair:1   | Reached XP level 12. HP: 40/118 MP: 4/11
 13901 | Lair:2   | Noticed a seven-headed hydra
 13911 | Lair:2   | Killed a seven-headed hydra
 14371 | Lair:2   | Reached skill level 10 in Armour
 14528 | Lair:2   | Got a slimy flail
 14529 | Lair:2   | Identified the +12 flail "Killer Klown's Curse" {flame, rPois Str+3 Dex+3} (You found it on level 2 of the Lair of Beasts)
 15134 | Lair:3   | Noticed an eight-headed hydra
 15143 | Lair:3   | Killed an eight-headed hydra
 15156 | Lair:3   | Found a frozen archway.
 15162 | IceCv    | Entered an ice cave
 15304 | IceCv    | Received a gift from Trog
 15724 | IceCv    | Noticed a white draconian
 15747 | IceCv    | Killed a white draconian
 15749 | IceCv    | Reached XP level 13. HP: 93/125 MP: 6/12
 15985 | IceCv    | Got a crude halberd
 16192 | Lair:3   | Reached skill level 10 in Dodging
 16223 | Lair:3   | Found a staircase to the Snake Pit.
 17330 | Lair:4   | Received a gift from Trog
 17455 | Lair:4   | Noticed Josephine
 17468 | Lair:4   | Killed Josephine
 18212 | Lair:5   | Reached ****** piety under Trog
 18359 | Lair:5   | Received a gift from Trog
 18763 | Lair:6   | Found a staircase to the Shoals.
 18814 | Lair:6   | Found a staircase to the Slime Pits.
 19045 | Lair:6   | Noticed Maud
 19060 | Lair:6   | Killed Maud
 19060 | Lair:6   | Reached skill level 15 in Fighting
 19060 | Lair:6   | Reached skill level 15 in Maces & Flails
 20202 | Lair:3   | Received a gift from Trog
 20317 | Orc:1    | Entered Level 1 of the Orcish Mines
 20528 | Orc:1    | Found a dark tunnel.
 20634 | Volcano  | Entered a volcano
 20890 | Volcano  | Found a burning altar of Makhleb.
 20894 | Volcano  | Reached XP level 14. HP: 126/135 MP: 13/13
 21386 | Orc:2    | Entered Level 2 of the Orcish Mines
 21386 | Orc:2    | Found a staircase to the Elven Halls.
 21625 | Orc:2    | Noticed Sonja
 21642 | Orc:2    | Killed Sonja
 22098 | Orc:2    | Gained mutation: Your body sometimes deteriorates upon taking damage. [a neqoxec]
 22124 | Orc:2    | Found Jygacs's Distillery.
 22381 | Orc:2    | Reached skill level 16 in Maces & Flails
 22430 | Orc:2    | Found Aphik's Magic Scroll Emporium.
 22476 | Orc:2    | Bought 3 scrolls of identify for 60 gold pieces
 22479 | Orc:2    | Bought a scroll of identify for 20 gold pieces
 22528 | Orc:2    | Noticed an orc warlord
 22792 | Orc:2    | Received a gift from Trog
 22811 | Orc:2    | Killed an orc warlord
 23321 | Orc:2    | Found Vugifie's Antique Armour Shop.
 23321 | Orc:2    | Found a one-way gate leading to the halls of Pandemonium.
 23321 | Orc:2    | Found Wuixudoi's Gadget Boutique.
 23852 | Lair:8   | Entered Level 8 of the Lair of Beasts
 23858 | Lair:8   | Reached skill level 17 in Maces & Flails
 24276 | Lair:8   | Received a gift from Trog
 24694 | Lair:8   | Reached XP level 15. HP: 123/148 MP: 10/14
 24899 | Lair:8   | Received a gift from Trog
 25231 | D:12     | Noticed Psyche
 25239 | D:12     | Killed Psyche
 25269 | D:12     | Noticed Fannar
 25277 | D:12     | Killed Fannar
 25726 | D:12     | Reached skill level 18 in Maces & Flails
 26185 | D:13     | Found a gate to the Vaults.
 26185 | D:13     | Noticed Donald
 26185 | D:13     | Noticed Rupert
 26185 | D:13     | Noticed Norris
 26255 | D:13     | Got a transparent ring mail
 26256 | D:13     | Identified the +5 ring mail of Tottesk {rPois rF+ rC+} (You found it on level 13 of the Dungeon)
 26360 | D:13     | Killed Norris
 26366 | D:13     | Killed Donald
 26379 | D:13     | Killed Rupert
 26379 | D:13     | Reached skill level 19 in Maces & Flails
 26548 | D:13     | Found Cemnianiat's General Store.
 26567 | D:13     | Bought an uncursed amulet of regeneration for 510 gold pieces
 26670 | D:13     | Gained mutation: You tend to lose your temper in combat. [mutagenic meat]
 26671 | D:13     | Lost mutation: You tend to lose your temper in combat. [mutagenic meat]
 26672 | D:13     | Gained mutation: You have supernaturally acute eyesight. [mutagenic meat]
 26697 | D:13     | Received a gift from Trog
 26711 | D:13     | Gained mutation: Your flesh is heat resistant. [potion of mutation]
 26711 | D:13     | Gained mutation: You are dopey. (Int -2) [potion of mutation]
 26711 | D:13     | Gained mutation: You occasionally shout uncontrollably at your foes. [potion of mutation]
 27173 | D:14     | Gained mutation: You tend to lose your temper in combat. [mutagenic meat]
 27174 | D:14     | Gained mutation: You are occasionally teleported next to monsters. [mutagenic meat]
 27175 | D:14     | Lost mutation: You tend to lose your temper in combat. [mutagenic meat]
 27176 | D:14     | Gained mutation: Your flesh is cold resistant. [mutagenic meat]
 27177 | D:14     | Gained mutation: Your system is resistant to poisons. [mutagenic meat]
 27235 | D:14     | Noticed Urug
 27262 | D:14     | Reached skill level 20 in Maces & Flails
 27281 | D:14     | Lost mutation: You are dopey. (Int -2) [mutagenic meat]
 27284 | D:14     | Gained mutation: Armour fits poorly on your strangely shaped body. [mutagenic meat]
 27287 | D:14     | Gained mutation: You have large cloven feet. [mutagenic meat]
 27290 | D:14     | Gained mutation: You are partially covered in large bone plates (AC +2, SH +2). [mutagenic meat]
 27462 | D:14     | Noticed Agnes
 27474 | D:14     | Killed Agnes
 28233 | D:14     | Gained mutation: You regenerate slowly when monsters are visible. [mutagenic meat]
 28234 | D:14     | Gained mutation: You have sharp fingernails. [mutagenic meat]
 28283 | D:15     | Entered Level 15 of the Dungeon
 28287 | D:15     | Reached XP level 16. HP: 145/157 MP: 15/15
 28371 | D:15     | Found Foudah's Antique Weapon Emporium.
 28485 | D:15     | Found Nerotu's General Store.
 28490 | D:15     | Bought a potion of heal wounds for 70 gold pieces
 28504 | D:15     | Found Vatest's Jewellery Boutique.
 28508 | D:15     | Found Ateatapu's Magic Scroll Boutique.
 28512 | D:15     | Bought an ichor-stained morningstar for 234 gold pieces
 28539 | D:15     | Bought the ring of Ahyich {rElec MP+9 AC+3 Dex+3} for 660 gold pieces
 28568 | D:15     | Found a staircase to the Depths.
 28628 | D:15     | Identified the cursed +2 morningstar of Waonodgh {vamp, rElec} (You bought it in a shop on level 15 of the Dungeon)
 28652 | D:15     | Found Rubikoap's Antique Weapon Shoppe.
 28658 | D:15     | Bought an ancient dire flail for 279 gold pieces
 28658 | D:15     | Identified the +9 dire flail of Disarray {crush, rC++} (You bought it in a shop on level 15 of the Dungeon)
 28821 | D:14     | Killed Urug
 28959 | Snake:1  | Entered Level 1 of the Snake Pit
 29059 | Snake:1  | Reached skill level 15 in Armour
 29210 | Snake:1  | Found a deep blue altar of Sif Muna.
 29452 | Snake:1  | Noticed Aizul
 29470 | Snake:1  | Killed Aizul
 29495 | Snake:1  | Noticed Frances
 29509 | Snake:1  | Killed Frances
 29609 | Snake:1  | Lost mutation: You occasionally shout uncontrollably at your foes. [potion of mutation]
 29816 | Snake:2  | Noticed Louise
 29829 | Snake:2  | Noticed Vashnia
 29836 | Snake:2  | Killed Louise
 29853 | Snake:2  | Killed Vashnia
 29857 | Snake:2  | HP: 7/238 [naga sharpshooter/bolt[Vashnia] (25)]
 29858 | Snake:2  | Shot with an arrow by a naga sharpshooter

Skill      XL: |  1  2  3  4  5  6  7  8  9 10 11 12 13 14 15 16 |
---------------+-------------------------------------------------+-----
Maces & Flails | 4 5 6 7 9 11 13 14 15 17 20 | 20.4
Armour         | 3 4 6 7 8 12 14 15 | 15.7
Fighting       | 4 5 6 7 9 11 13 14 15 17 18 | 18.4
Dodging        | 5 9 11 12 13 | 13.0

Action                   |  1- 3 |  4- 6 |  7- 9 | 10-12 | 13-15 | 16-18 || total
-------------------------+-------+-------+-------+-------+-------+-------++-------
Melee: Mace              |    89 |    85 |    84 |       |       |       ||   258
       Headbutt          |     9 |    15 |    72 |   184 |   350 |    77 ||   707
       Flail             |       |       |   233 |   374 |  1315 |       ||  1922
       Morningstar       |       |       |       |   407 |       |       ||   407
       Great mace        |       |       |       |       |    77 |    80 ||   157
       Dire flail        |       |       |       |       |       |   193 ||   193
Invok: Berserk           |       |     2 |     4 |     5 |     3 |     2 ||    16
       Trog's Hand       |       |       |     2 |    11 |    15 |     2 ||    30
       Brothers in Arms  |       |       |       |       |     7 |     2 ||     9
Evoke: Wand              |       |       |     3 |       |       |       ||     3
  Use: Scroll            |       |       |    15 |     9 |    13 |     2 ||    39
       Potion            |       |       |       |     1 |     4 |     1 ||     6
 Stab: Sleeping          |       |     1 |       |       |       |       ||     1
       Invisible         |       |       |       |       |     2 |       ||     2
  Eat: Chunk             |     1 |     6 |     4 |    29 |    49 |     4 ||    93
       Meat ration       |       |       |     2 |     1 |     4 |       ||     7
       Bread ration      |       |       |     1 |       |       |       ||     1
       Pizza             |       |       |       |     1 |       |       ||     1
       Royal jelly       |       |       |       |       |     2 |       ||     2
Armor: Animal skin       |     6 |       |       |       |       |       ||     6
       Leather armour    |    13 |    28 |   123 |   223 |       |       ||   387
       Plate armour      |       |       |       |   102 |   113 |       ||   215
       Chain mail        |       |       |       |       |   294 |       ||   294
       Ring mail         |       |       |       |       |    75 |    63 ||   138
Dodge: Dodged            |    64 |    34 |   190 |   498 |   847 |   205 ||  1838
Block: Other             |       |       |       |       |     1 |    16 ||    17
